 Dungeon Crawl Stone Soup version 0.31-a0-667-g39726597b9 (webtiles) character file.

Game seed: 11084262912061576348

251886 pokeman the Archmage (level 19, -8/110 HPs)
             Began as a Deep Elf Hedge Wizard on Sept 3, 2023.
             Was the Champion of Vehumet.
             Mangled by an eldritch tentacle (45 damage)
             ... on level 2 of the Depths.
             The game lasted 01:55:42 (41214 turns).

pokeman the Archmage (Deep Elf Hedge Wizard)       Turns: 41214, Time: 01:55:43

Health: -8/110     AC:  8    Str:  7    XL:     19   Next: 33%
Magic:  47/76      EV: 13    Int: 34    God:    Vehumet [******]
Gold:   2446       SH:  0    Dex: 17    Spells: 12/72 levels left

rFire   + + .        a - +6 Majin-Bo {spellvamp, MP+6 Int+6}
rCold   . . .        (no shield)
rNeg    + . .        r - +1 robe of the Divine God {MP+9 Dex+3 Archmagi}
rPois   .            M - +0 helmet
rElec   .            x - scarf {rC+ rF+}
rCorr   .            I - +0 pair of gloves of Synad {Rampage rN+ Stlth+}
SInv    .            G - +0 pair of boots {Fly}
Will    +....        n - amulet of the acrobat
Stlth   +++          E - ring of magical power
HPRegen 0.38/turn    i - ring of fire
MPRegen 0.45/turn

%: acrobat, rampage, archmagi
@: flying
A: no striking features
}: 1/15 runes: decaying
a: Renounce Religion


You were on level 2 of the Depths.
You worshipped Vehumet.
Vehumet was exalted by your worship.
You visited 7 branches of the dungeon, and saw 32 of its levels.
You also visited: Bailey, Gauntlet and Ice Cave.

You collected 3249 gold pieces.
You spent 803 gold pieces at shops.

Inventory:

Hand Weapons
 a - the +6 Majin-Bo (weapon) {spellvamp, MP+6 Int+6}
   (You acquired it in the Ecumenical Temple)

   Int+6:     It affects your intelligence (+6).
   MP+6:      It affects your magic capacity (+6).
 v - a +0 bardiche of pain
 C - the +4 great mace "Uviehuzxu" {spect, rElec rC+ Will+}
   (You took it off a fire giant on level 1 of the Depths)

   rC+:       It protects you from cold.
   rElec:     It insulates you from electricity.
   Will+:     It increases your willpower.
 F - the +7 spear of Ambiguity {speed, rN+ SInv}
   (You took it off a kobold in a bailey)

   rN+:       It protects you from negative energy.
   SInv:      It lets you see invisible.
Missiles
 h - 15 curare-tipped darts
Armour
 e - a +0 leather armour of poison resistance
 r - the +1 robe of the Divine God (worn) {MP+9 Dex+3 Archmagi}
   (You found it on level 3 of the Dungeon)

   Dex+3:     It affects your dexterity (+3).
   MP+9:      It affects your magic capacity (+9).
   Archmagi:  It increases the power of your magical spells.
 x - a scarf of resistance (worn)
 z - a +2 buckler
 G - a +0 pair of boots of flying (worn)
 I - the +0 pair of gloves of Synad (worn) {Rampage rN+ Stlth+}
   (You found it in an ice cave)

   rN+:       It protects you from negative energy.
   Rampage:   It bestows one free step when moving towards enemies.
   Stlth+:    It makes you more stealthy.
 M - a +0 helmet (worn)
 O - +0 fire dragon scales
 T - a +1 robe of resistance
Magical Staves
 U - a staff of fire
Jewellery
 i - a ring of fire (right hand)
 n - an amulet of the acrobat (around neck)
 p - an amulet of guardian spirit
 u - a ring of poison resistance
 B - the amulet of Nealawn {Spirit Str+2 Int+4}
   (You took it off a spriggan berserker on level 1 of the Depths)

   [amulet of guardian spirit]

   Spirit:    It causes incoming damage to be divided between your reserves of
   health and magic.
   Str+2:     It affects your strength (+2).
   Int+4:     It affects your intelligence (+4).
 E - a ring of magical power (left hand)
 H - the ring "Loupp" {rElec rF- rC+ Int+3 Dex+2}
   (You found it in an ice cave)

   [ring of protection from cold]

   Int+3:     It affects your intelligence (+3).
   Dex+2:     It affects your dexterity (+2).
   rF-:       It makes you vulnerable to fire.
   rC+:       It protects you from cold.
   rElec:     It insulates you from electricity.
 K - a +6 ring of intelligence
 Q - a ring of magical power
Wands
 b - a wand of charming (8)
 y - a wand of iceblast (7)
 J - a wand of digging (9)
 P - a wand of acid (34)
Scrolls
 f - 21 scrolls of teleportation
 o - 5 scrolls of revelation
 q - 4 scrolls of blinking
 s - a scroll of enchant armour
 D - a scroll of immolation
 L - a scroll of vulnerability
 S - a scroll of poison
 V - a scroll of fog
Potions
 c - a potion of brilliance
 d - 3 potions of magic
 g - a potion of attraction
 k - 11 potions of curing
 l - 7 potions of heal wounds
 m - 9 potions of haste
 t - a potion of resistance
 w - 2 potions of mutation
 A - a potion of lignification
 Y - 4 potions of ambrosia
 Z - 3 potions of berserk rage
Miscellaneous
 j - a lightning rod (4/4)
 N - a phial of floods
 R - a box of beasts


   Skills:
 - Level 9.0 Fighting
 - Level 9.1 Armour
 - Level 3.0 Dodging
 - Level 3.1 Stealth
 + Level 5.8 Shields
 O Level 27 Spellcasting
 * Level 18.5 Conjurations
 - Level 1.1 Summonings
 - Level 2.0 Necromancy
 - Level 1.1 Translocations
 - Level 1.0 Transmutations
 + Level 17.4 Fire Magic
 - Level 1.0 Ice Magic
 - Level 1.0 Air Magic
 - Level 5.0 Earth Magic
 - Level 1.0 Poison Magic
 - Level 1.0 Evocations


You had 12 spell levels left.
You knew the following spells:

 Your Spells              Type           Power      Damage    Failure   Level
a - Magic Dart            Conj           100%       1d8       0%          1
b - Mephitic Cloud        Conj/Pois/Air  95%        N/A       1%          3
c - Call Imp              Summ           100%       N/A       1%          2
d - Blink                 Tloc           100%       N/A       1%          2
e - Foxfire               Conj/Fire      100%       2x1d9     0%          1
f - Fireball              Conj/Fire      77%        3d29      0%          5
g - Starburst             Conj/Fire      77%        6d20      1%          6
h - Freezing Cloud        Conj/Ice/Air   47%        6-21      1%          5
i - Iskenderun's Mystic   Conj/Tloc      100%       2d19      1%          4
j - Ignition              Fire           76%        3d20      1%          8
k - Lee's Rapid Deconstr  Erth           44%        3d21*     1%          5
l - Ignite Poison         Fire/Tmut/Pois 100%       N/A       1%          3
m - Leda's Unmaking       Conj/Erth      56%        9d9       1%          6
n - Fire Storm            Conj/Fire      77%        8d20      8%          9

Your spell library contained the following spells:

 Spells                   Type           Power      Damage    Failure   Level
 Chain Lightning          Conj/Air       53%        3d70      88%         9
 Shatter                  Erth           44%        3d34*     100%        9
 Kiss of Death            Conj/Necr      100%       2d13      0%          1
 Momentum Strike          Conj/Tloc      100%       3d10      0%          2
 Sticky Flame             Conj/Fire      100%       2d11      0%          4
 Iskenderun's Battlesphe  Conj           100%       2d15      0%          5
 Slow                     Hex            100%       N/A       1%          1
 Cigotuvi's Dreadful Rot  Necr/Pois/Air  100%       N/A       1%          2
 Ensorcelled Hibernation  Hex/Ice        100%       N/A       1%          2
 Lesser Beckoning         Tloc           100%       N/A       1%          2
 Sublimation of Blood     Necr           74%        N/A       1%          2
 Confusing Touch          Hex            62%        N/A       1%          3
 Dazzling Flash           Conj/Hex       100%       N/A       1%          3
 Gell's Gravitas          Tloc           68%        N/A       1%          3
 Ozocubu's Armour         Ice            68%        N/A       1%          3
 Portal Projectile        Hex/Tloc       100%       N/A       1%          3
 Teleport Other           Tloc           68%        N/A       1%          3
 Tukima's Dance           Hex            62%        N/A       1%          3
 Vampiric Draining        Necr           74%        2d11      1%          3
 Animate Dead             Necr           74%        N/A       1%          4
 Dispel Undead            Necr           74%        3d25      1%          4
 Leda's Liquefaction      Hex/Erth       38%        N/A       1%          4
 Olgreb's Toxic Radiance  Pois           68%        N/A       1%          4
 Petrify                  Tmut/Erth      79%        N/A       1%          4
 Irradiate                Conj/Tmut      53%        3d29      1%          5
 Plasma Beam              Fire/Air       64%        2x1d80    1%          6
 Spellforged Servitor     Conj/Summ      53%        N/A       1%          7
 Anguish                  Hex/Necr       34%        N/A       3%          4
 Manifold Assault         Tloc           68%        N/A       3%          4
 Cause Fear               Hex            31%        N/A       4%          4
 Agony                    Necr           74%        N/A       5%          5
 Summon Forest            Summ/Tloc      34%        N/A       9%          5
 Metabolic Englaciation   Hex/Ice        32%        N/A       11%         5
 Silence                  Hex/Air        32%        N/A       11%         5
 Eringya's Noxious Bog    Tmut/Pois      34%        4d6       13%         6
 Simulacrum               Ice/Necr       35%        N/A       36%         6
 Haunt                    Necr/Summ      35%        N/A       90%         7
 Monstrous Menagerie      Summ           34%        N/A       94%         7
 Summon Hydra             Summ           34%        N/A       94%         7
 Discord                  Hex            31%        N/A       100%        8
 Infestation              Necr           37%        N/A       100%        8
 Dragon's Call            Summ           34%        N/A       100%        9


Dungeon Overview and Level Annotations

Branches:
Dungeon (15/15)            Temple (1/1) D:5            Lair (5/5) D:11
  Swamp (4/4) Lair:2        Snake (0/4) Lair:2        Slime (0/5) Lair:5
    Orc (2/2) D:12            Elf (3/3) Orc:2        Vaults (0/5) D:13
 Depths (2/4) D:15         Bailey (visited)           IceCv (visited)
Gauntlet (visited)

Altars:
Ashenzari
Cheibriados
Dithmenos
Elyvilon
Fedhas
Gozag
Hepliaklqana
Kikubaaqudgha
Makhleb
Nemelex Xobeh
Okawaru
Qazlal
Ru
Sif Muna
Trog
Uskayaw
Vehumet
Wu Jian
Xom
Yredelemnul
Zin
The Shining One

Shops:
D:15 :[:*   Orc:2 *[*=(*   Elf:2 =?*   Depths:1 =::   Depths:2 =

Portals:
Hell: Depths:1 Depths:2
Pandemonium: Depths:1 Depths:2

Annotations:
D:14 1 runed translucent door, Kilet's ghost, adept GrEE
Swamp:1 3 runed translucent doors, ShinQuickMan's ghost, adept DECj


Message History

Confirm with . or Enter, or press ? or * to list all spells.
Aiming: Fireball (safe; 0% risk of failure)
Press: ? - help, Shift-Dir - straight line You feel a strong surge of power!
The fireball explodes!
The fireball engulfs the eldritch tentacle.
The eldritch tentacle completely resists.
The fireball engulfs the eldritch tentacle segment.
The eldritch tentacle segment completely resists.
The eldritch tentacle slaps you!
You feel your power leaking away. The eldritch tentacle claws you!
The eldritch tentacle slaps you!
You are engulfed in flames.
You resist. The eldritch tentacle misses you.
Casting: Fireball (safe; 0% risk of failure)
Confirm with . or Enter, or press ? or * to list all spells.
Aiming: Lee's Rapid Deconstruction (mildly dangerous; 1% risk of failure)
Press: ? - help, Dir - move target A translucent stone wall, spattered with blood.
You feel a surge of power!
The wall shatters!
The blast of rock fragments hits the eldritch tentacle!
The eldritch tentacle is lightly damaged.
The blast of rock fragments hits the eldritch tentacle segment!!
The eldritch tentacle segment is moderately damaged.
Unknown command.
There is an open door, spattered with blood here.
Casting: Lee's Rapid Deconstruction (mildly dangerous; 1% risk of failure)
Confirm with . or Enter, or press ? or * to list all spells.
Aiming: Fireball (safe; 0% risk of failure)
Press: ? - help, Shift-Dir - straight line You feel a strong surge of power!
The fireball explodes!
The fireball engulfs the eldritch tentacle.
The eldritch tentacle completely resists.
The eldritch tentacle is moderately damaged.
The fireball engulfs the eldritch tentacle segment.
The eldritch tentacle segment completely resists.
The eldritch tentacle segment is moderately damaged.
The eldritch tentacle closely misses you.
The eldritch tentacle claws you. The eldritch tentacle slaps you!
The eldritch tentacle freezes you!!!
You die...

..........##
.#.######..########
...# #..#....+÷#
...# #..#...##.#
...# #..#).##..#
...######..'..#..*#
.#.#.......#).##<÷#
..>#.......#...##w#
.#.######..#....@.#
.......^#..########
......#.#...
##.##.#.#####
.#.##.#.# ....#.#.#
......#.# ..##..#.#
..###.#.#


You could see an eldritch tentacle.

Vanquished Creatures
  2 tentacled monstrosities
  2 liches
  A sphinx (Depths:1)
  An azure jelly (shapeshifter) (D:15)
  3 fenstrider witches
  Aizul (Swamp:2)
  Donald (Elf:2)
  3 fire giants (Depths:1)
  A rockslime (IceCv)
  4 azure jellies
  4 frost giants (Depths:1)
  A deep elf elementalist (Elf:2)
  A deep elf sorcerer (Elf:1)
  5 quicksilver oozes (IceCv)
  5 very ugly things
  An orc warlord (Orc:1)
  8 stone giants
  6 eleionomae
  5 bunyips
  Nessos (Lair:4)
  A dire elephant (Lair:5)
  A spark wasp (Depths:1)
  A minotaur (Gauntlet)
  A deep elf death mage (Elf:1)
  4 ettins (Depths:2)
  4 fire dragons
  An entropy weaver (shapeshifter) (D:12)
  Harold (D:10)
  3 shambling mangroves
  An entropy weaver (Gauntlet)
  4 ice dragons
  8 hydras
  3 catoblepae
  3 rakshasas
  18 alligators
  4 centaur warriors
  7 ogre magi
  2 boulder beetles
  5 two-headed ogres
  Erica (D:8)
  26 dancing weapons
  A death scarab (Gauntlet)
  A deep troll shaman (Lair:5)
  4 deep troll earth magi
  2 vampire magi (Depths:1)
  10 death yaks (Lair:5)
  7 orc high priests
  4 spriggan berserkers
  A tengu warrior (Depths:1)
  Sonja (D:10)
  2 hell knights (Depths:1)
  A sun demon (Depths:2)
  18 deep elf knights
  4 skysharks
  Nergalle (D:12)
  5 spriggans (Swamp:1)
  A sixfirhy (Depths:2)
  2 iron trolls (Depths:1)
  6 skeletal warriors
  Lodul (D:10)
  5 goliath frogs
  7 deep trolls
  A flayed ghost (Depths:1)
  3 spriggan druids (Swamp:2)
  2 swamp dragons
  5 bog bodies
  A glowing orange brain (D:15)
  9 deep elf archers
  37 deep elf zephyrmancers
  28 deep elf pyromancers
  2 lindwurms
  Pikel (D:9)
  A necromancer (Depths:1)
  14 orc knights
  2 orange crystal statues (IceCv)
  7 oklob plants
  A wolf spider (D:15)
  17 ugly things
  4 orc sorcerers
  7 cyclopes
  4 manticores
  6 will-o-the-wisps
  9 elephants
  A naga mage (Depths:2)
  Joseph (D:10)
  4 black mambas
  2 torpor snails
  A gargoyle (D:11)
  Jeremiah (D:8)
  A rime drake (shapeshifter) (D:14)
  3 minotaur zombies (Gauntlet)
  9 cane toads
  A yaktaur (D:12)
  2 tengu conjurers (Depths:1)
  An unseen horror (D:10)
  2 kobold demonologists (D:13)
  4 rime drakes
  A tormentor (Depths:2)
  2 efreet (D:12)
  12 komodo dragons
  5 freezing wraiths
  A red devil (Depths:2)
  3 meliai (D:14)
  6 trolls
  3 polar bears
  A bloated husk (Swamp:2)
  20 hornets
  20 blink frogs
  A blink frog (shapeshifter) (D:13)
  6 tyrant leeches
  9 dream sheep
  3 air elementals
  2 jumping spiders (Depths:2)
  A shadow (D:10)
  2 centaur simulacra (D:14)
  A wraith (D:12)
  36 slime creatures
  8 wyverns
  2 vampires (D:10)
  3 water elementals
  54 yaks
  2 fire elementals
  7 basilisks
  A neqoxec (Depths:2)
  A spectral komodo dragon (Gauntlet)
  A redback (Gauntlet)
  6 swamp worm simulacra (Swamp:4)
  3 steam dragons
  8 vampire mosquitoes
  2 spatial vortices (Depths:2)
  6 wargs
  3 nagas (Lair:2)
  17 swamp worms
  An acid dragon (D:8)
  15 hydra simulacra (Swamp:4)
  16 water moccasins
  2 floating eyes (Orc:1)
  A floating eye (shapeshifter) (D:15)
  40 orc warriors
  A swamp drake (Swamp:2)
  4 great orb of eyes simulacra (IceCv)
  2 sky beasts
  4 black bears
  A black bear (shapeshifter) (Elf:2)
  14 ogres
  4 wolves (Lair:5)
  10 centaurs
  5 slime creature simulacra (IceCv)
  3 kobold brigands
  12 bullfrogs
  2 earth elementals (Elf:2)
  5 scorpions
  4 glowing shapeshifter simulacra (IceCv)
  3 wights (D:5)
  14 killer bees
  A howler monkey (D:8)
  3 electric eels (Elf:3)
  3 jellies
  42 orc priests
  2 gnoll boudas
  5 hounds
  2 sleepcaps
  3 iguanas
  22 orc wizards
  15 gnolls
  6 adders
  3 white imps (D:8)
  2 swamp drake simulacra (Swamp:4)
  5 dart slugs
  116 orcs
  6 ball pythons
  9 endoplasms
  12 goblins
  9 hobgoblins
  13 jackals
  33 kobolds
  4 quokkas
  14 bats
  2 frilled lizards (D:3)
  2 rats (D:3)
  A butterfly (D:9)
  A foxfire (D:13)
1191 creatures vanquished.

Vanquished Creatures (collateral kills)
  A hound (D:6)
  An orc wizard (D:6)
  A jackal (D:2)
  2 foxfires (D:11)
5 creatures vanquished.

Vanquished Creatures (others)
  A centaur simulacrum (D:12)
  A swamp worm (Swamp:4)
  75 foxfires
77 creatures vanquished.

Grand Total: 1273 creatures vanquished

Notes
Turn   | Place    | Note
-------+----------+-------------------------------------------
     0 | D:1      | pokeman the Deep Elf Hedge Wizard began the quest for the
                  | Orb.
     0 | D:1      | Reached XP level 1. HP: 10/10 MP: 7/7
   261 | D:1      | Reached XP level 2. HP: 16/16 MP: 2/9
   795 | D:2      | Reached skill level 5 in Spellcasting
   871 | D:2      | Reached XP level 3. HP: 20/20 MP: 9/11
   880 | D:2      | Learned a level 3 spell: Mephitic Cloud
   883 | D:2      | Learned a level 2 spell: Call Imp
   886 | D:2      | Learned a level 2 spell: Blink
  1223 | D:2      | Reached skill level 1 in Fighting
  1223 | D:2      | Reached skill level 1 in Armour
  1572 | D:3      | Identified the +1 robe of the Divine God {MP+9 Dex+3
                  | Archmagi}
  1771 | D:3      | Reached XP level 4. HP: 25/25 MP: 13/13
  2166 | D:3      | Found a stormy altar of Qazlal.
  2171 | D:3      | Found a blossoming altar of Fedhas.
  2727 | D:4      | Reached skill level 6 in Spellcasting
  2727 | D:4      | Reached XP level 5. HP: 14/29 MP: 12/15
  2869 | D:4      | Reached skill level 1 in Poison Magic
  2869 | D:4      | Reached skill level 1 in Evocations
  3002 | D:4      | Learned a level 3 spell: Ignite Poison
  3008 | D:4      | Learned a level 5 spell: Freezing Cloud
  3018 | D:4      | Reached skill level 1 in Air Magic
  3018 | D:4      | Reached XP level 6. HP: 34/34 MP: 17/17
  3342 | D:4      | HP: 1/34 [black bear (1)]
  3516 | D:4      | Reached skill level 1 in Transmutations
  3516 | D:4      | Reached skill level 1 in Fire Magic
  3516 | D:4      | Reached skill level 1 in Ice Magic
  3637 | D:5      | Entered Level 5 of the Dungeon
  3642 | D:5      | Reached skill level 7 in Spellcasting
  3755 | D:5      | Reached XP level 7. HP: 39/39 MP: 19/19
  3889 | D:5      | Reached skill level 8 in Spellcasting
  4041 | D:5      | Reached XP level 8. HP: 10/44 MP: 13/22
  4224 | D:5      | Reached skill level 9 in Spellcasting
  4671 | D:5      | Reached skill level 5 in Conjurations
  4720 | D:5      | Found a staircase to the Ecumenical Temple.
  4729 | Temple   | Entered the Ecumenical Temple
  4752 | Temple   | Became a worshipper of Vehumet
  5431 | D:6      | Found a hazy altar of Hepliaklqana.
  5432 | D:6      | Found a burning altar of Makhleb.
  5432 | D:6      | Found an opulent altar of Gozag.
  5439 | D:6      | Reached skill level 10 in Spellcasting
  5478 | D:6      | Found an iron altar of Okawaru.
  5479 | D:6      | Found a snail-covered altar of Cheibriados.
  5663 | D:6      | Reached XP level 9. HP: 9/48 MP: 25/25
  6269 | D:7      | Reached * piety under Vehumet
  6269 | D:7      | Offered knowledge of Freeze by Vehumet.
  6508 | D:7      | Reached skill level 5 in Fire Magic
  6663 | D:7      | Reached skill level 11 in Spellcasting
  7596 | D:8      | Reached ** piety under Vehumet
  7596 | D:8      | Offered knowledge of Poisonous Vapours by Vehumet.
  7629 | D:8      | Noticed Jeremiah
  7683 | D:8      | Killed Jeremiah
  7730 | D:8      | Reached skill level 12 in Spellcasting
  7756 | D:8      | Noticed Erica
  7850 | D:8      | Offered knowledge of Inner Flame by Vehumet.
  7874 | D:8      | Found a flagged portal.
  7879 | Bailey   | Entered a bailey
  7932 | Bailey   | Identified the +7 spear of Ambiguity {speed, rN+ SInv}
  7940 | Bailey   | Noticed an orc knight
  7972 | Bailey   | Killed an orc knight
  8096 | Bailey   | Reached XP level 10. HP: 56/56 MP: 28/28
  8121 | Bailey   | Reached *** piety under Vehumet
  8596 | D:8      | Killed Erica
  8597 | D:8      | Reached skill level 13 in Spellcasting
  9001 | D:9      | Offered knowledge of Sticky Flame by Vehumet.
  9142 | D:9      | Found a shimmering altar of Xom.
  9189 | D:9      | Reached **** piety under Vehumet
  9254 | D:9      | You are sucked into a shaft and drop 1 floor!
  9254 | D:10     | Entered Level 10 of the Dungeon
  9400 | D:10     | Reached skill level 14 in Spellcasting
  9407 | D:10     | Reached skill level 5 in Fighting
  9444 | D:9      | Noticed a two-headed ogre
  9444 | D:9      | Noticed a two-headed ogre
  9457 | D:9      | Killed a two-headed ogre
  9457 | D:9      | Offered knowledge of Airstrike by Vehumet.
  9458 | D:9      | Reached XP level 11. HP: 63/63 MP: 31/31
  9462 | D:9      | Killed a two-headed ogre
  9829 | D:9      | Noticed Pikel
  9834 | D:9      | Killed Pikel
 10132 | D:10     | Noticed Sonja
 10135 | D:10     | Killed Sonja
 10136 | D:10     | Reached skill level 15 in Spellcasting
 10215 | D:10     | Noticed Lodul
 10220 | D:10     | Killed Lodul
 10351 | D:10     | Noticed Harold
 10388 | D:10     | Killed Harold
 10388 | D:10     | Reached ***** piety under Vehumet
 10532 | D:10     | Learned a level 1 spell: Foxfire
 10539 | D:10     | Learned a level 6 spell: Starburst
 10722 | D:10     | Offered knowledge of Olgreb's Toxic Radiance by Vehumet.
 10841 | D:10     | Noticed Joseph
 10841 | D:10     | Noticed a green ugly thing
 10851 | D:10     | Killed Joseph
 10852 | D:10     | Killed a green ugly thing
 10853 | D:10     | Reached skill level 16 in Spellcasting
 11183 | D:11     | Found a staircase to the Lair.
 11187 | D:11     | Reached XP level 12. HP: 68/68 MP: 34/34
 11200 | D:11     | Learned a level 4 spell: Iskenderun's Mystic Blast
 11273 | D:11     | Reached skill level 5 in Armour
 11306 | D:11     | Noticed a centaur warrior
 11313 | D:11     | Killed a centaur warrior
 11616 | D:11     | Reached skill level 10 in Conjurations
 11718 | D:11     | Noticed a two-headed ogre
 11722 | D:11     | Killed a two-headed ogre
 12120 | D:11     | Reached skill level 17 in Spellcasting
 12633 | D:12     | Noticed an entropy weaver
 12636 | D:12     | Killed an entropy weaver
 12673 | D:12     | Noticed Nergalle
 12680 | D:12     | Killed Nergalle
 12809 | D:12     | Reached skill level 10 in Fire Magic
 12875 | D:12     | Found a blossoming altar of Fedhas.
 13315 | D:12     | Noticed a centaur warrior
 13319 | D:12     | Killed a centaur warrior
 13449 | D:12     | Reached skill level 18 in Spellcasting
 13488 | D:12     | Noticed a six-headed hydra
 13488 | D:12     | Noticed an ogre mage
 13496 | D:12     | Killed an ogre mage
 13498 | D:12     | Killed a six-headed hydra
 13686 | D:12     | Learned a level 8 spell: Ignition
 13760 | D:12     | Found a staircase to the Orcish Mines.
 13788 | D:12     | Reached XP level 13. HP: 72/72 MP: 30/37
 14171 | D:13     | Offered knowledge of Lee's Rapid Deconstruction by Vehumet.
 14180 | D:13     | Learned a level 5 spell: Lee's Rapid Deconstruction
 14352 | D:13     | Reached skill level 1 in Earth Magic
 14799 | D:13     | Found a gate to the Vaults.
 15625 | D:14     | Reached skill level 19 in Spellcasting
 15630 | D:14     | Found a runed translucent door.
 15656 | D:14     | Found a gate leading to a gauntlet.
 15665 | Gauntlet | Entered a Gauntlet
 15665 | Gauntlet | Found a transporter.
 15665 | Gauntlet | Found a runed translucent door.
 15665 | Gauntlet | Found a transporter.
 15665 | Gauntlet | Found a transporter.
 15665 | Gauntlet | Found a runed translucent door.
 15686 | Gauntlet | Found a transporter.
 15701 | Gauntlet | Found a transporter.
 15706 | Gauntlet | Found a transporter.
 15720 | Gauntlet | Found a transporter.
 15739 | Gauntlet | Found a transporter.
 15740 | Gauntlet | Noticed a reaper
 15745 | Gauntlet | Found a transporter.
 15764 | Gauntlet | Found a transporter.
 15772 | Gauntlet | Found a transporter.
 15775 | Gauntlet | Found a transporter.
 16103 | Gauntlet | Identified the +2 cloak of Ruekkygh {Dex+3}
 16195 | Gauntlet | Noticed a minotaur
 16199 | Gauntlet | Killed a minotaur
 17856 | D:14     | Noticed Kilet's ghost (adept GrEE)
 17872 | D:15     | Entered Level 15 of the Dungeon
 17932 | D:15     | Found Cuukio's Book Emporium.
 18041 | D:15     | Identified the +7 chain mail of Sunlight {Str+3}
 18048 | D:15     | Found a transporter.
 18050 | D:15     | Found a transporter.
 18054 | D:15     | Found a transporter.
 18380 | D:15     | Found a transporter.
 18630 | D:15     | Found Imixtu Kigg's Book Emporium.
 18643 | D:15     | Found Joih's Armour Boutique.
 18667 | D:15     | Reached XP level 14. HP: 78/78 MP: 39/39
 19007 | D:15     | Reached skill level 20 in Spellcasting
 19047 | D:15     | Noticed a fire giant
 19048 | D:15     | a fire giant changed into an iron troll
 19050 | D:15     | an iron troll changed into a formless jellyfish
 19050 | D:15     | Noticed a formless jellyfish (glowing shapeshifter)
 19064 | D:15     | Noticed an azure jelly
 19066 | D:15     | an azure jelly changed into an alligator snapping turtle
 19079 | D:15     | an iron troll changed into an azure jelly
 19079 | D:15     | Noticed an azure jelly (glowing shapeshifter)
 19083 | D:15     | Killed an azure jelly
 19145 | D:15     | Found a staircase to the Depths.
 19258 | D:15     | Found Rohaimpe's Assorted Antiques.
 19266 | D:15     | Bought a murky red potion for 25 gold pieces
 19266 | D:15     | Bought a scroll labelled OFIYPEJUXE for 28 gold pieces
 19266 | D:15     | Bought 2 potions of curing for 168 gold pieces
 19266 | D:15     | Bought a scroll of teleportation for 84 gold pieces
 19266 | D:15     | Bought a scroll of blinking for 210 gold pieces
 19266 | D:15     | Bought a ruby potion for 25 gold pieces
 19641 | Lair:1   | Entered Level 1 of the Lair of Beasts
 19644 | Lair:1   | Reached skill level 5 in Earth Magic
 19824 | Lair:1   | Offered knowledge of Yara's Violent Unravelling by Vehumet.
 20575 | Lair:2   | Found a staircase to the Swamp.
 20983 | Lair:2   | Found a staircase to the Snake Pit.
 22073 | Lair:3   | Reached skill level 21 in Spellcasting
 22085 | Lair:3   | Offered knowledge of Fireball by Vehumet.
 22188 | Lair:3   | Learned a level 5 spell: Fireball
 22459 | Lair:4   | Noticed Nessos
 22464 | Lair:4   | Killed Nessos
 23124 | Lair:4   | Reached XP level 15. HP: 82/82 MP: 40/42
 24031 | Lair:5   | Entered Level 5 of the Lair of Beasts
 24355 | Lair:5   | Found a staircase to the Slime Pits.
 24358 | Lair:5   | Reached skill level 22 in Spellcasting
 24498 | Lair:5   | Offered knowledge of Leda's Unmaking by Vehumet.
 24506 | Lair:5   | Learned a level 6 spell: Leda's Unmaking
 26395 | Orc:1    | Entered Level 1 of the Orcish Mines
 26554 | Orc:2    | Entered Level 2 of the Orcish Mines
 26872 | Orc:2    | Found Jucoval's Antique Armour Boutique.
 26875 | Orc:2    | Found Yhucid's Assorted Antiques.
 26880 | Orc:2    | Found a staircase to the Elven Halls.
 26884 | Orc:2    | Bought 2 grey potions for 45 gold pieces
 27404 | Orc:2    | Offered knowledge of Spellforged Servitor by Vehumet.
 27468 | Orc:2    | Reached skill level 23 in Spellcasting
 27833 | Orc:2    | Found Wimuom's General Store.
 27836 | Orc:2    | Found Varewk's Weapon Emporium.
 27837 | Orc:2    | Found Liufem's Assorted Antiques.
 27838 | Orc:2    | Found Xulatat's Jewellery Shoppe.
 27841 | Orc:2    | Bought a metallic dark potion for 27 gold pieces
 27845 | Orc:2    | Bought a potion of heal wounds for 65 gold pieces
 28105 | Orc:1    | Reached XP level 16. HP: 59/88 MP: 24/45
 28943 | Swamp:1  | Entered Level 1 of the Swamp
 28946 | Swamp:1  | Offered knowledge of Lehudib's Crystal Spear by Vehumet.
 29069 | Swamp:1  | Reached ****** piety under Vehumet
 29105 | Swamp:1  | Noticed a thorn hunter
 29109 | Swamp:1  | Noticed a tentacled monstrosity
 29112 | Swamp:1  | Found a runed translucent gate.
 29112 | Swamp:1  | Found a runed translucent gate.
 29112 | Swamp:1  | Found a runed translucent gate.
 29114 | Swamp:1  | Noticed ShinQuickMan's ghost (adept DECj)
 29116 | Swamp:1  | Noticed a thorn hunter
 29813 | Swamp:2  | Noticed Aizul
 30036 | Swamp:2  | Killed Aizul
 30037 | Swamp:2  | Reached skill level 24 in Spellcasting
 30055 | Swamp:2  | Reached skill level 15 in Conjurations
 30288 | Swamp:2  | Noticed a tentacled monstrosity
 30296 | Swamp:2  | Killed a tentacled monstrosity
 31296 | Swamp:3  | Reached XP level 17. HP: 97/97 MP: 47/47
 31443 | Swamp:3  | Offered knowledge of Fire Storm by Vehumet.
 31443 | Swamp:3  | Offered knowledge of Shatter by Vehumet.
 31443 | Swamp:3  | Offered knowledge of Chain Lightning by Vehumet.
 31449 | Swamp:3  | Reached skill level 15 in Fire Magic
 31806 | Swamp:3  | Learned a level 9 spell: Fire Storm
 31814 | Swamp:4  | Entered Level 4 of the Swamp
 31865 | Swamp:4  | Identified a scroll of acquirement
 31871 | Swamp:4  | Found a frozen archway.
 31917 | IceCv    | Entered an ice cave
 32040 | IceCv    | Reached skill level 25 in Spellcasting
 32442 | IceCv    | Found a viscous altar of Jiyva.
 32457 | IceCv    | Identified the +5 chain mail of Hangman {Fly Dex+2}
 32466 | IceCv    | Got the ring "Loupp" {rElec rF- rC+ Int+3 Dex+2}
 32467 | IceCv    | Identified the +0 pair of gloves of Synad {Rampage rN+
                  | Stlth+}
 32917 | Swamp:4  | Noticed a tentacled monstrosity
 32925 | Swamp:4  | Killed a tentacled monstrosity
 33401 | Swamp:4  | Got a decaying rune of Zot
 33789 | Temple   | Acquired the +6 Majin-Bo {spellvamp, MP+6 Int+6}
 33789 | Temple   | Found the +6 Majin-Bo {spellvamp, MP+6 Int+6}
 34068 | Elf:1    | Entered Level 1 of the Elven Halls
 34668 | Elf:1    | Reached skill level 26 in Spellcasting
 35077 | Elf:1    | Got Useomisch's Tome of Amalgamated Destruction
 35285 | Elf:2    | Found Wist's Magic Scroll Emporium.
 35291 | Elf:2    | Bought a scroll of teleportation for 42 gold pieces
 35291 | Elf:2    | Bought 2 scrolls of teleportation for 84 gold pieces
 35306 | Elf:2    | Reached XP level 18. HP: 93/105 MP: 50/50
 35436 | Elf:2    | Reached skill level 1 in Shields
 35540 | Elf:2    | Found a runed translucent gate.
 35541 | Elf:2    | Found a runed translucent gate.
 35541 | Elf:2    | Found a runed translucent gate.
 35576 | Elf:2    | Found Covo's Jewellery Shoppe.
 35693 | Elf:2    | Found Xaegic's Gadget Gallery.
 36336 | Elf:2    | Noticed Donald
 36339 | Elf:2    | Killed Donald
 36856 | Elf:3    | Entered Level 3 of the Elven Halls
 37061 | Elf:3    | Reached skill level 1 in Necromancy
 37405 | Elf:3    | Reached skill level 27 in Spellcasting
 37956 | Depths:1 | Entered Level 1 of the Depths
 37956 | Depths:1 | Found a radiant altar of Vehumet.
 38276 | Depths:1 | Found Uttuaca's Jewellery Shop.
 38276 | Depths:1 | Found Jaeppea's Book Emporium.
 38278 | Depths:1 | Found Hotytz's Book Emporium.
 38581 | Depths:1 | Identified the amulet of Nealawn {Spirit Str+2 Int+4}
 38625 | Depths:1 | Identified the +4 great mace "Uviehuzxu" {spect, rElec rC+
                  | Will+}
 38920 | Depths:1 | Identified the +7 orcbow of Wariness {speed, Drain Str+6
                  | SInv Stlth-}
 39205 | Depths:1 | Noticed a lich
 39208 | Depths:1 | Killed a lich
 39260 | Depths:1 | Found a gateway to Hell.
 39373 | Depths:1 | Found a one-way gate leading to the halls of Pandemonium.
 39378 | Depths:1 | Reached XP level 19. HP: 110/110 MP: 52/52
 39959 | Depths:2 | Reached skill level 5 in Shields
 40350 | Depths:2 | Found Laebehiu's Jewellery Boutique.
 41214 | Depths:2 | Mangled by an eldritch tentacle

Illustrated notes

Levels and vault maps discovered:
D:1:      dpeg_arrival_orchard, layout_rooms
D:2:      layout_rooms, dreamdust_princess_bridge, grunt_ministairs_2
D:3:      layout_basic, grunt_temple_overflow_forces_of_nature,
          chequers_serial_rivers_small_b, kennysheep_cluttered_room,
          grunt_ministairs_1, kennysheep_generic_room_5
D:4:      layout_rooms, nrook_campfire
D:5:      layout_basic, minmay_temple_entry_nine_rooms, minmay_misc_feat_cross,
          st_stairs_9
D:6:      layout_basic, nzn_hepliaklqana_mist_gate, grunt_temple_overflow_open
D:7:      layout_basic, kennysheep_generic_room_13
D:8:      layout_rooms, enter_bailey_3, uniq_jeremiah, uniq_erica
D:9:      layout_roguey, xom_butterflies, st_stairs_14, roderic_batcave,
          uniq_pikel
D:10:     layout_stronghold, uniq_harold, uniq_sonja, uniq_joseph, uniq_lodul
D:11:     layout_stronghold, grunt_lair_entry_orc_guard_hut
D:12:     minmay_stepped, layout_loops_corners, erik_orc_3, fedhas_altar_1,
          uniq_nergalle
D:13:     layout_gridville, erik_vaults_1
D:14:     layout_basic, serial_park_tiny_1, gauntlet_entry_generic,
          ebering_ghost_reflecting_pool
D:15:     gammafunk_enter_depths_forms, layout_loops_ring, serial_shops, shop,
          nicolae_inconvenience_store, shop, nicolae_shop_tiny_real_fake_doors,
          kennysheep_flooded_box, nicolae_transporter_circle
Temple:   jpeg_temple_clearing
Lair:1:   layout_regular_city, grunt_forest_stairs_basic
Lair:2:   layout_regular_city, palyth_hydra_swamp_entry,
          minmay_snake_entry_guardpost_medium, serial_rivers,
          chequers_serial_rivers_small_a, chequers_serial_rivers_micro_c,
          chequers_serial_rivers_large_a, chequers_serial_rivers_large_b,
          chequers_serial_rivers_small_3, chequers_serial_rivers_micro_e,
          lemuel_fruit_tree
Lair:3:   layout_gridlike, st_stairs_11, grunt_megastairs_2,
          infiniplex_staircase_pool_2
Lair:4:   minmay_lair_oklob_tunnel, layout_cave_pods, uniq_nessos
Lair:5:   grunt_lair_end_beastmaster, layout_regular_city,
          minmay_slime_entry_oklob_enclosed, chequers_serial_rivers_small_3
Swamp:1:  layout_basic_swamp, gammafunk_ghost_split, nicolae_swamp_some_circles
Swamp:2:  nzn_winding_woodlands_small [nzn_winding_woodlands_5x15_default,
          nzn_winding_woodlands_center_pierced_h,
          nzn_winding_woodlands_5x15_default], layout_falls_marsh,
          evilmike_swamp_ruin_house_5, uniq_aizul
Swamp:3:  layout_basic_swamp, evilmike_swamp_ruin_house_4, swamp_pool4,
          cheibrodos_swamp_witchery
Swamp:4:  swamp_icy, layout_basic_swamp, portal_ice_cave_entry_pillars_four
Orc:1:    hellmonk_paralyzer, layout_caves, basic_altar, elf_legates
Orc:2:    st_orc_pillars, layout_caves, guppyfry_orc_lava_fort
Elf:1:    eino_elf_arrival_the_gate, layout_loops_cross, minmay_elf_sorcery,
          kb_rosetta
Elf:2:    nicolae_elf_blades_crystal_corner, layout_gridlike, serial_shops,
          nicolae_shop_back_alley_shop, nicolae_shop_gadgets, minmay_shop_star,
          uniq_donald
Elf:3:    grunt_elf_hall_branching, layout_geoelf_castle
Depths:1: minmay_the_grid_triangle_9x9_recursive_2
          [minmay_the_grid_triangle_9x9_prize_insulated,
          minmay_the_grid_triangle_9x9_skeleton,
          minmay_the_grid_triangle_9x9_sprig,
          minmay_the_grid_triangle_9x9_flanged_cone], layout_honeycomb,
          hell_entry, pan_entry, fiery_altar_vehumet, minmay_shop_grove
Depths:2: grunt_double_whammy, layout_basic, rand_demon_pan_entry_3, hell_entry,
          nicolae_take_the_stairs, hangedman_research_quantum,
          serial_bayou_shore_b

Skill      XL: |  1  2  3  4  5  6  7  8  9 10 11 12 13 14 15 16 17 18 19 |
---------------+----------------------------------------------------------+-----
Spellcasting   | 5 6 7 8 10 12 14 16 18 19 21 23 24 26 27 | 27.0
Fighting       | 1 2 3 5 6 7 9 |  9.0
Armour         | 1 3 4 6 7 8 9 |  9.1
Conjurations   | 2 3 4 5 7 8 9 11 12 13 14 15 16 17 18 | 18.5
Dodging        | 3 |  3.0
Stealth        | 3 |  3.1
Poison Magic   | 1 |  1.0
Evocations     | 1 |  1.0
Air Magic      | 1 |  1.0
Transmutations | 1 |  1.0
Fire Magic     | 1 3 4 6 7 9 10 11 12 13 14 15 17 | 17.4
Ice Magic      | 1 |  1.0
Earth Magic    | 4 5 |  5.0
Shields        | 4 5 |  5.8
Necromancy     | 2 |  2.0
Summonings     | |  1.1
Translocations | |  1.1

Action                     |  1- 3 |  4- 6 |  7- 9 | 10-12 | 13-15 | 16-18 | 19-21 || total
---------------------------+-------+-------+-------+-------+-------+-------+-------++-------
  Melee: Dagger            |    17 |     2 |       |       |       |       |       ||    19
         Short sword       |       |     4 |   132 |    11 |       |       |       ||   147
         Punch             |       |       |     3 |     1 |       |       |       ||     4
         Spear             |       |       |       |    77 |       |       |       ||    77
         Staff             |       |       |       |     2 |    17 |     3 |       ||    22
         Bo                |       |       |       |       |       |     1 |       ||     1
  Throw: Throwing net      |       |       |       |       |     2 |       |       ||     2
   Cast: Magic Dart        |    98 |   134 |   130 |    47 |    10 |     8 |       ||   427
         Mephitic Cloud    |     1 |     5 |    59 |    48 |     5 |       |       ||   118
         Call Imp          |     1 |     1 |     2 |     1 |       |       |       ||     5
         Blink             |       |     2 |     2 |     1 |       |     1 |       ||     6
         Ignite Poison     |       |       |    27 |    20 |     1 |     1 |       ||    49
         Freezing Cloud    |       |       |       |    20 |    10 |     9 |     7 ||    46
         Starburst         |       |       |       |    73 |   243 |    29 |       ||   345
         Foxfire           |       |       |       |    17 |    23 |       |       ||    40
         Iskenderun's Myst |       |       |       |       |     5 |     1 |     4 ||    10
         Lee's Rapid Decon |       |       |       |       |     4 |     8 |     2 ||    14
         Fireball          |       |       |       |       |   171 |   362 |    51 ||   584
         Leda's Unmaking   |       |       |       |       |       |   104 |    11 ||   115
         Ignition          |       |       |       |       |       |     8 |    10 ||    18
         Fire Storm        |       |       |       |       |       |     2 |     1 ||     3
  Evoke: Wand              |       |       |       |       |       |     2 |       ||     2
         Phial of floods   |       |       |       |       |       |     1 |       ||     1
    Use: Potion            |       |     3 |       |       |       |     1 |       ||     4
         Scroll            |       |       |       |       |    16 |    14 |       ||    30
   Stab: Confused          |       |       |    11 |     9 |     1 |       |       ||    21
         Sleeping          |       |       |       |     1 |     1 |       |       ||     2
 Armour: Robe              |    23 |    32 |    64 |    49 |    53 |    54 |    21 ||   296
  Dodge: Dodged            |    28 |    22 |    95 |    77 |    41 |    23 |    11 ||   297

Table legend: (Time is in decaauts)
 A = Elapsed time spent in this place.
 B = Non-inter-level travel time spent in this place.
 C = Inter-level travel time spent in this place.
 D = Time resting spent in this place.
 E = Time spent auto-exploring this place.
 F = Levels seen in this place.
 G = Mean time per level.
                   A        B        C        D        E       F      G
               +--------+--------+--------+--------+--------+-----+--------+
         Total |  41266 |  37487 |   3779 |   3061 |  28798 |  35 | 1179.0 |
       Dungeon |  19316 |  16748 |   2568 |    429 |  13803 |  15 | 1287.7 |
        Temple |    152 |     97 |     55 |      0 |      0 |   1 |  152.0 |
          Lair |   6359 |   5996 |    363 |      3 |   5333 |   5 | 1271.8 |
         Swamp |   3962 |   3783 |    179 |    715 |   2578 |   4 |  990.5 |
  Orcish Mines |   2512 |   2305 |    207 |    204 |   1792 |   2 | 1256.0 |
   Elven Halls |   3736 |   3485 |    251 |    416 |   2628 |   3 | 1245.3 |
        Depths |   3258 |   3106 |    152 |    886 |   1898 |   2 | 1629.0 |
        Bailey |    582 |    582 |      0 |     66 |    313 |   1 |  582.0 |
      Ice Cave |    636 |    636 |      0 |      6 |    427 |   1 |  636.0 |
      Gauntlet |    748 |    748 |      0 |    336 |     26 |   1 |  748.0 |
               +--------+--------+--------+--------+--------+-----+--------+

Top non-repeatable levels by time:
Depths:1: 2110 daAuts
    D:12: 2009 daAuts
     D:7: 1856 daAuts
  Lair:5: 1806 daAuts
   Elf:2: 1775 daAuts
    D:15: 1723 daAuts
    D:13: 1701 daAuts
  Lair:4: 1608 daAuts
    D:11: 1547 daAuts
     D:5: 1523 daAuts
   Orc:2: 1419 daAuts
     D:6: 1416 daAuts
    D:10: 1412 daAuts
 Swamp:1: 1363 daAuts
     D:3: 1239 daAuts
